AoeStats
← TIMVP

Nomad

508729012Analyzed
3v3 RM · 8d ago on Sep 23, 2026· 32m 0s· 6 players
Game mode
Random Map
Map size
210×210
Population
200
Speed
Normal
Resources
Standard
Victory
Conquest
Starting age
Dark Age
Ending age
Imperial Age
RankedLock teamsTeams togetherTeam positionsShared explorationLock speedFull tech treeHidden civsTurbo modeCheats
Victory
Defeat
🇮🇹 Goths · Italy
707
+17
🇪🇬 Huns · Egypt
671
+18
🇺🇸 Byzantines · United States
626
+20
🇵🇪 Romans · Peru
742
-19
🇵🇪 Dravidians · Peru
732
-19
🇨🇱 Huns · Chile
680
-17
Weza
5:00 Loom
15:18 Feudal Age
15:51 Man-at-Arms
16:17 Arson
18:20 Fletching
19:46 Forging
20:08 Horse Collar
22:23 Scale Mail Armor
26:14 Fishing Lines
33:01 Castle Age
32:05 Stone Mining
32:08 Gold Mining
Cpt. Awesome
3:22 Loom
15:03 Feudal Age
15:55 Double-Bit Axe
16:53 Wheelbarrow
16:12 Fishing Lines
17:30 Horse Collar
18:35 Stone Mining
18:40 Fletching
19:42 Forging
21:34 Gold Mining
24:16 Arson
28:53 Castle Age
29:01 Padded Archer Armor
29:08 Scale Barding Armor
29:04 Scale Mail Armor
29:37 Squires
29:27 Gambesons
31:33 Iron Casting
30:56 Bodkin Arrow
31:34 Gillnets
psycho93
2:53 Loom
17:21 Feudal Age
17:25 Man-at-Arms
19:23 Wheelbarrow
19:36 Fishing Lines
25:50 Castle Age
24:44 Double-Bit Axe
26:20 Scale Mail Armor
26:32 Forging
28:15 Fletching
29:57 Squires
Takhyom
8:17 Loom
14:12 Feudal Age
28:50 Fletching
A†ilA
20:55 Feudal Age
22:12 Wheelbarrow
24:36 Fishing Lines
26:32 Double-Bit Axe
29:31 Castle Age
TIMVP
9:22 Loom
14:28 Feudal Age
19:19 Double-Bit Axe
19:47 Man-at-Arms
22:20 Fishing Lines
24:10 Wheelbarrow
Connection lost

Rejoining the realm…

Still unreachable

The connection could not be restored.

Session expired

The server has moved on; the page needs a fresh start.